 Dungeon Crawl Stone Soup version 0.27-a0-512-g57cc695410 (webtiles) character file.

Game seed: 18392211323283783656

151 travis the Skirmisher (level 5, -3/48 HPs)
             Began as a Palentonga Fighter on Mar 3, 2021.
             Killed from afar by an orc wizard (8 damage)
             ... with a puff of flame
             ... while paralysed by an orc wizard
             ... on level 4 of the Dungeon.
             The game lasted 00:03:29 (3665 turns).

travis the Skirmisher (Palentonga Fighter)          Turns: 3665, Time: 00:03:30

Health: -3/48      AC:  6    Str: 19 (21) XL:     5   Next: 10%
Magic:  5/5        EV:  1    Int:  7 (8)  God:
Gold:   149        SH:  0    Dex:  6 (9)  Spells: 4/4 levels left

rFire    . . .     SeeInvis +   a - +0 long sword
rCold    . . .     Faith    .   c - +0 kite shield
rNeg     . . .     Spirit   .   b - +0 scale mail
rPois    .         Reflect  .   (no helmet)
rElec    .         Harm     .   (no cloak)
rCorr    .         Rampage  .   (no gloves)
Will     .....                  (no barding)
Stlth    ..........             (no amulet)
HPRegen  0.16/turn              (no ring)
MPRegen  0.09/turn              (no ring)

@: paralysed
A: large, rugged brown scales 3, see invisible, deformed body, roll 1, armoured
tail
a: Rolling Charge


You were on level 4 of the Dungeon.
You visited 1 branch of the dungeon, and saw 4 of its levels.

You collected 149 gold pieces.

Inventory:

Hand Weapons
 a - a +0 long sword (weapon)
Armour
 b - a +0 scale mail (worn)
 c - a +0 kite shield (worn)
Jewellery
 j - a +4 ring of slaying
Wands
 n - a wand of polymorph (19)
Scrolls
 e - 6 scrolls of identify
 h - a scroll of blinking
 i - a scroll of magic mapping
Potions
 d - 2 potions of attraction
 f - 3 potions of haste
 g - a potion of degeneration
 l - 2 potions of curing


   Skills:
 + Level 3.5 Fighting
 + Level 3.5 Long Blades
 + Level 3.2 Armour
 + Level 0.7 Dodging
 + Level 0.1 Stealth
 + Level 2.9 Shields


You had 4 spell levels left.
You didn't know any spells.
Your spell library was empty.

Dungeon Overview and Level Annotations

Branches:
Dungeon (4/15)
 Temple: D:4-7

Altars:
Ashenzari
Nemelex Xobeh


Innate Abilities, Weirdness & Mutations

You are completely covered in rugged brown scales. (AC +3, +7% HP)
You have supernaturally acute eyesight. (SInv)
Armour fits poorly on your strangely shaped body.
You can roll at nearby foes to attack.
You have a long armoured tail.


Message History

The orc wizard hits you with a +0 dagger.
The orc wizard hits you but does no damage.
The orc hits you but does no damage.
The orc wizard zaps a wand.
You shrug off the repeated paralysis!
The orc wizard hits you but does no damage.
The orc hits you but does no damage.
The orc wizard zaps a wand.
You resist with some effort.
The orc wizard hits you with a +0 dagger.
The orc hits you but does no damage.
The orc wizard hits you but does no damage.
The orc wizard points at itself and mumbles some strange words.
The orc wizard flickers and vanishes for a moment.
The orc hits you but does no damage.
The orc wizard hits you with a +0 dagger.
* * * LOW HITPOINT WARNING * * *
The orc wizard hits you but does no damage.
You can move again.
You miss the orc wizard. The orc barely misses you.
The orc wizard hits you but does no damage.
The orc wizard hits you with a +0 dagger.
* * * LOW HITPOINT WARNING * * *
Unknown command.
You miss the orc wizard.
Your tail-slap misses the orc wizard.
The orc wizard is almost dead.
The orc hits you but does no damage.
The orc wizard zaps a wand.
You suddenly lose the ability to move!
The orc wizard hits you with a +0 dagger.
* * * LOW HITPOINT WARNING * * *
The orc hits you but does no damage.
The orc wizard hits you with a +0 dagger.
* * * LOW HITPOINT WARNING * * *
The orc wizard gestures at you while chanting.
The puff of flame hits you.
* * * LOW HITPOINT WARNING * * *
The orc hits you but does no damage.
The orc wizard hits you but does no damage.
You feel less confused.
The orc wizard points at you and mumbles some strange words.
The puff of flame hits you!
You die...

#......####
#######.........#
#...............#
#...............#
####...............#
#.........†.....####
#.............).#
#........ooo....#
#.........@.....####
#..................###
####.................+
..........†........###
####.......#.......# #
#####.............### ...
#...#.............###....
#.............<..........
#.......##......#........


You could see 2 orc wizards and an orc.

Vanquished Creatures
  9 adders
  An ooze (D:4)
  3 dart slugs
  4 leopard geckos (D:1)
  An orc (D:3)
  6 bats
  A giant cockroach (D:4)
  9 goblins
  5 hobgoblins
  6 jackals
  5 kobolds
  A ball python (D:2)
  A quokka skeleton (D:4)
  5 rats
57 creatures vanquished.

Notes
Turn   | Place    | Note
-------+----------+-------------------------------------------
     0 | D:1      | travis the Palentonga Fighter began the quest for the Orb.
     0 | D:1      | Reached XP level 1. HP: 20/20 MP: 1/1
    44 | D:1      | Reached XP level 2. HP: 27/27 MP: 2/2
   471 | D:1      | Reached XP level 3. HP: 26/33 MP: 3/3
  1480 | D:2      | Reached XP level 4. HP: 29/40 MP: 4/4
  2889 | D:3      | Found a broken altar of Ashenzari.
  3323 | D:4      | Found a sparkling altar of Nemelex Xobeh.
  3591 | D:4      | Reached XP level 5. HP: 48/48 MP: 5/5
  3656 | D:4      | Paralysed by an orc wizard for 6 turns
  3663 | D:4      | Paralysed by an orc wizard for 3 turns
  3665 | D:4      | Killed from afar by an orc wizard

Illustrated notes

Levels and vault maps discovered:
D:1:      dpeg_arrival_lava_altar, layout_basic
D:2:      layout_loops_ring, hex_large
D:3:      layout_basic, lemuel_doored_altar, chequers_decorated_corner,
          chequers_avenue
D:4:      layout_basic, nemelex_altar_shiori, gammafunk_ghost_mausoleum

Skill      XL: |  1  2  3  4 |
---------------+-------------+-----
Armour         | 3 |  3.2
Long Blades    | 3 |  3.5
Fighting       | |  3.5
Dodging        | |  0.7
Stealth        | |  0.1
Shields        | |  2.9

Action                   |  1- 3 |  4- 6 || total
-------------------------+-------+-------++-------
Melee: Long sword        |   114 |    99 ||   213
       Tailslap          |     7 |    14 ||    21
  Use: Potion            |     1 |     2 ||     3
       Scroll            |       |    10 ||    10
Armor: Scale mail        |    65 |    72 ||   137
Dodge: Dodged            |    37 |    30 ||    67
Block: Kite shield       |    67 |    64 ||   131
       Rpst.: Long sword |     9 |     4 ||    13

Table legend: (Time is in decaauts)
 A = Elapsed time spent in this place.
 B = Non-inter-level travel time spent in this place.
 C = Inter-level travel time spent in this place.
 D = Time resting spent in this place.
 E = Time spent auto-exploring this place.
 F = Levels seen in this place.
 G = Mean time per level.
                   A        B        C        D        E       F      G
               +--------+--------+--------+--------+--------+-----+--------+
         Total |   3763 |   3714 |     49 |   1375 |   1829 |   4 |  940.8 |
       Dungeon |   3763 |   3714 |     49 |   1375 |   1829 |   4 |  940.8 |
               +--------+--------+--------+--------+--------+-----+--------+

Top non-repeatable levels by time:
     D:2: 1303 daAuts
     D:1: 1108 daAuts
     D:3: 770 daAuts
     D:4: 581 daAuts
